Map: World of Sleepers LE

Players

Labarca - Winner!

  • Race: Zerg Zerg
  • League: Silver
  • Spawn Location: 1:00

Ratl

  • Race: Protoss Protoss
  • League: Bronze
  • Spawn Location: 7:00

VOD

Have the link to the VOD?

Description

Time

  • Played on: Dec. 23, 2019, 11:24 a.m.
  • Length: 16:22
Show
View Real Time Build Order
Export as new Build Order

Labarca Zerg - Winner!

Build Orders: Hatch First 

Get SALT Encoding   

  12  0:01  Drone  
  13  0:08  Drone  
  14  0:16  Overlord  
  15  0:35  Drone x2  
  15  0:36  Drone  
  17  0:55  Hatchery  
  17  0:56  Extractor  
  15  0:57  Drone  
  16  1:15  Spawning Pool  
  15  1:20  Drone x2  
  17  1:26  Drone  
  17  1:32  Overlord  
  18  2:03  Metabolic Boost  
  18  2:05  Zergling x6, Queen  
  23  2:22  Drone x2  
  25  2:23  Drone  
  25  2:29  Queen  
  28  2:39  Extractor  
  28  2:43  Roach Warren  
  26  2:53  Drone x2  
  26  2:56  Drone  
  29  3:03  Drone  
  29  3:04  Drone x2  
  32  3:11  Zergling x4  
  33  3:25  Lair  
  33  3:27  Drone  
  33  3:28  Drone  
  33  3:29  Overlord  
  35  3:53  Overlord  
  33  4:03  Drone  
  33  4:04  Drone x2  
  33  4:07  Drone x2  
  33  4:09  Roach x2  
  42  4:10  Zergling x2  
  43  4:23  Queen  
  45  4:25  Hatchery, Drone  
  45  4:29  Zergling x2  
  42  4:41  Zergling x8  
  45  4:51  Zergling x6  
  45  4:52  Zergling x4  
  48  4:53  Zergling x2  
  49  5:08  Zergling x4  
  49  5:10  Overlord  
  51  5:18  Glial Reconstitution  
  51  5:21  Overseer  
  51  5:27  Queen  
  51  5:28  Queen  
  55  5:38  Overlord x2  
  55  5:41  Roach x3  
  61  5:56  Evolution Chamber  
  60  5:58  Evolution Chamber  
  59  6:04  Queen  
  60  6:15  Roach x2  
  60  6:16  Roach x2, Overlord x2  
  60  6:17  Zergling x2  
  60  6:18  Zergling x2  
  70  6:19  Drone  
  71  6:34  Zerg Ground Armor Level 1, Zerg Missile Weapons Level 1  
  71  6:36  Roach x2  
  71  6:37  Zergling x4  
  71  6:39  Roach  
  79  6:47  Extractor, Drone x2  
  78  6:48  Extractor  
  78  6:49  Drone  
  78  6:51  Drone  
  81  7:15  Overseer x3  
  81  7:20  Overlord x2  
  81  7:22  Roach x3  
  87  7:23  Zergling x4  
  87  7:24  Drone  
  90  8:18  Roach x2  
  80  8:35  Zergling x4  
  80  8:36  Zergling x6  
  80  8:37  Roach  
  80  8:38  Roach x4  
  85  8:52  Zergling x4  
  85  8:53  Zergling x2  
  85  8:54  Roach x4  
  94  8:57  Overseer  
  94  9:04  Hydralisk Den  
  94  9:08  Spire  
  92  9:18  Drone x4  
  96  9:26  Drone x2  
  96  9:27  Drone  
  96  9:28  Roach x3  
  96  9:29  Zergling x2  
  106  9:31  Zerg Ground Armor Level 2, Zerg Missile Weapons Level 2  
  106  9:45  Hatchery  
  105  10:03  Overlord x2  
  105  10:04  Overlord x2  
  82  10:32  Zergling x4  
  82  10:33  Zergling x12  
  82  10:34  Hydralisk x3  
  82  10:35  Hydralisk x3  
  100  10:39  Muscular Augments  
  100  10:41  Drone x2  
  104  10:43  Drone  
  104  10:46  Drone  
  106  10:50  Queen  
  108  11:09  Roach x4  
  108  11:10  Hydralisk x2  
  120  11:19  Corruptor  
  120  11:20  Overlord  
  120  11:21  Overlord  
  122  11:44  Drone x5  
  122  11:45  Drone x3  
  122  11:46  Drone  
  131  11:52  Extractor x2, Drone x2  
  131  11:54  Zergling x6  
  132  11:55  Zergling x6  
  132  11:56  Zergling x2  
  132  11:57  Hydralisk  
  140  12:02  Grooved Spines  
  140  12:04  Hydralisk  
  89  13:04  Roach x12  
  89  13:05  Roach x3  
  107  13:06  Zergling x2, Roach  
  107  13:07  Zergling x16  
  107  13:10  Overlord  
  107  13:11  Overlord x2  
  118  13:18  Hydralisk  
  120  13:21  Overlord x2  
  112  13:42  Roach x3  
  112  13:43  Roach x3  
  112  13:44  Zergling x2, Roach x2  
  112  13:45  Zergling x4  
  112  13:46  Hydralisk  
  129  13:50  Overlord x2  
  129  13:53  Drone x2  
  131  14:32  Infestation Pit  
  131  14:37  Drone x2  
  131  14:38  Drone x4  
  134  14:39  Drone x2  
  134  14:42  Drone  
  134  14:43  Drone x5  
  134  14:44  Drone x2  
  146  14:51  Extractor  
  145  14:53  Extractor  
  145  14:57  Zergling x6  
  145  14:58  Zergling x2  
  145  14:59  Roach x3, Hydralisk  
  154  15:00  Hydralisk x4  
  154  15:01  Hatchery  
  163  15:35  Zergling x6  
  166  15:36  Overlord x3  
  166  15:39  Ravager x3  
  166  15:40  Ravager x3  
  166  15:41  Ravager x2  
  174  15:43  Roach  
Show
View Real Time Build Order
Export as new Build Order

Ratl Protoss 

Build Orders: Colossus Rush 

Get SALT Encoding   

  12  0:01  Probe  
  13  0:13  Probe (Chrono Boost)  
  14  0:19  Pylon  
  14  0:25  Probe (Chrono Boost)  
  15  0:37  Gateway  
  15  0:43  Assimilator  
  15  0:44  Probe  
  16  0:51  Assimilator  
  16  0:56  Probe  
  17  1:11  Gateway  
  17  1:15  Probe (Chrono Boost)  
  19  1:27  Probe (Chrono Boost)  
  19  1:32  Probe (Chrono Boost)  
  19  1:34  Cybernetics Core  
  20  1:41  Probe  
  21  1:53  Probe  
  22  2:05  Probe  
  23  2:14  Warp Gate (Chrono Boost)  
  23  2:17  Probe  
  23  2:22  Pylon  
  23  2:32  Pylon  
  23  2:40  Probe, Stalker x2  
  28  2:52  Probe  
  29  2:59  Nexus  
  29  3:04  Probe  
  29  3:16  Stalker x2  
  33  3:25  Robotics Facility  
  33  3:33  Gateway  
  33  3:34  Gateway  
  33  3:38  Gateway  
  33  3:42  Pylon x2  
  33  3:50  Probe  
  34  4:11  Nexus  
  34  4:16  Probe  
  35  4:23  Observer  
  37  5:00  Probe  
  37  5:04  Immortal  
  41  5:08  Robotics Bay  
  41  5:12  Probe  
  42  5:18  Gateway x2  
  42  5:20  Gateway  
  42  5:24  Probe  
  43  5:31  Probe  
  44  5:36  Probe  
  44  5:38  Assimilator  
  45  5:43  Probe  
  45  5:46  Pylon  
  45  5:48  Probe  
  47  5:55  Colossus  
  47  5:56  Probe  
  54  6:05  Forge  
  54  6:08  Probe  
  51  6:20  Probe  
  52  6:29  Probe  
  52  6:32  Probe  
  54  6:33  Assimilator  
  54  6:38  Protoss Ground Armor Level 1 (Chrono Boost)  
  54  6:41  Probe  
  54  6:42  Forge  
  54  6:44  Probe  
  54  6:46  Immortal (Chrono Boost)  
  56  6:53  Stalker x2  
  64  7:03  Stalker  
  64  7:04  Stalker  
  68  7:10  Observer  
  68  7:18  Colossus  
  74  7:28  Stalker x2  
  78  7:36  Protoss Ground Weapons Level 1 (Chrono Boost)  
  77  7:53  Pylon  
  77  7:54  Shield Battery  
  77  8:06  Shield Battery  
  77  8:08  Shield Battery  
  77  8:10  Pylon, Shield Battery  
  77  8:12  Observer  
  78  8:15  Pylon  
  53  8:41  Stalker x3  
  53  8:42  Stalker x4  
  61  8:49  Stalker  
  63  9:07  Immortal  
  67  9:10  Stalker x2  
  67  9:11  Stalker x4  
  79  9:27  Nexus  
  79  9:35  Pylon  
  79  9:46  Colossus  
  82  10:16  Stalker x3  
  82  10:17  Stalker x4  
  82  10:18  Stalker  
  80  10:39  Colossus  
  86  10:44  Probe  
  87  10:56  Probe  
  88  11:01  Probe x2  
  90  11:08  Probe  
  91  11:13  Probe x2  
  93  11:20  Probe  
  93  11:23  Stalker x5  
  93  11:24  Stalker x2  
  93  11:25  Probe  
  109  11:30  Twilight Council, Observer  
  109  11:32  Probe  
  110  11:35  Immortal  
  114  11:44  Probe  
  115  11:56  Probe  
  116  12:02  Stalker x4  
  116  12:03  Protoss Ground Weapons Level 2 (Chrono Boost), Protoss Ground Armor Level 2 (Chrono Boost)  
  124  12:27  Stalker  
  125  12:35  Pylon  
  125  12:43  Observer  
  73  13:14  Stalker x2  
  73  13:15  Stalker x4  
  73  13:16  Colossus, Stalker  
  65  13:48  Stalker  
  65  13:49  Stalker x6  
  65  13:50  Stalker  
  72  14:12  Colossus  
  72  14:13  Assimilator  
  78  14:18  Stalker x4  
  78  14:19  Stalker x4  
  94  14:29  Shield Battery  
  94  14:30  Shield Battery  
  94  14:32  Shield Battery  
  94  14:37  Pylon  
  94  14:38  Pylon  
  94  14:56  Nexus, Stalker x3  
  94  14:57  Stalker  
  94  14:58  Assimilator, Stalker  
  94  14:59  Assimilator  
  104  15:01  Pylon x2  
  104  15:05  Pylon  
  104  15:06  Immortal  
  108  15:43  Stalker x3  
  108  15:44  Stalker x3  
  108  15:45  Stalker  
  98  16:08  Stalker x2  
  98  16:09  Stalker x3  
Tags
 
Add a new tag
Caveats
  • Supply blocks, unpowered buildings, or Contaminate may cause inaccurate times.
  • Supply counts are checked every 10 seconds.